[Event "44th Chess Olympiad Open 2022"]
[Site "Chennai"]
[Date "2022.08.02"]
[Round "5.63"]
[White "Salazar Cabezas, Alberto Javier"]
[Black "Alhejab, Meshal"]
[Result "1-0"]
[WhiteElo "2155"]
[BlackElo "1732"]
[Annotator "NA RC"]
[PlyCount "53"]
[EventDate "2022.??.??"]
[TimeControl "60"]

1. Nf3 Nf6 2. c4 e6 3. g3 d5 4. Bg2 c5 5. O-O Nc6 6. d4 Bd6 7. cxd5 exd5 8. Nc3 b6 9. Bg5 Ne7 10. Bxf6 gxf6 11. dxc5 Bxc5 12. b4 Bd6 13. Nxd5 Nxd5 14. Qxd5 Be6 15. Qc6+ Ke7 16. Nd4 Rc8 17. Rad1 Qd7 18. Qe4 Kf8 19. Nxe6+ fxe6 20. Rd4 e5 21. Rd3 Qc7 22. Rfd1 Rd8 23. Qf5 Kg7 24. Qg4+ Kf8 25. Qe6 Qe7 26. Qc4 Kg7 27. Qc6 1-0

[Event "44th Chess Olympiad Open 2022"]
[Site "Chennai"]
[Date "2022.08.02"]
[Round "5.63"]
[White "Al Ibrahim, Abdulrahman"]
[Black "Espinoza Solano, Jose Nahum"]
[Result "0-1"]
[WhiteElo "1822"]
[BlackElo "2093"]
[Annotator "NA RC"]
[PlyCount "106"]
[EventDate "2022.??.??"]
[TimeControl "60"]

1. d4 Nf6 2. c4 g6 3. Nc3 Bg7 4. Nf3 d6 5. Bf4 Nbd7 6. e3 O-O 7. Be2 b6 8. h3 Bb7 9. Qc2 e5 10. Bh2 Re8 11. d5 a5 12. O-O Nc5 13. b3 Nh5 14. Rac1 f5 15.
a3 f4 16. e4 Bf6 17. b4 Nd7 18. Rfd1 Ng7 19. Nd2 h5 20. Nb3 axb4 21. axb4 Be7 22. Nb5 Kh7 23. Ra1 g5 24. Rxa8 Bxa8 25. Ra1 Bb7 26. Qa2 Rg8 27. Qc2 Kh6 28. Kf1 Ne8 29. f3 Nef6 30. Bg1 g4 31. hxg4 hxg4 32. c5 bxc5 33. bxc5 gxf3 34. Bxf3 dxc5 35. Nxc5 Nxc5 36. Bxc5 Bxc5 37. Qxc5 Ng4 38. Bxg4 Rxg4 39. Qxc7 Qh4 40. Qb6+ Rg6 41. Qf2 Qh1+ 42. Qg1 Qh5 43. Ke1 Qh3 44. Ra3 Qh4+ 45. Kd2 Qe7 46. Rh3+ Kg7 47. Nc3 Bc8 48. Rh2 Qa3 49. Qb1 Rg3 50. Qc2 Ba6 51. Ne2 Qa5+ 52. Kd1 Rd3+ 53. Kc1 Qa1+ 0-1

[Event "44th Chess Olympiad Open 2022"]
[Site "Chennai"]
[Date "2022.08.02"]
[Round "5.63"]
[White "Hussain, Hashem"]
[Black "Rocha, Maximiliano"]
[Result "1/2-1/2"]
[WhiteElo "1757"]
[BlackElo "2117"]
[Annotator "NA RC"]
[PlyCount "109"]
[EventDate "2022.??.??"]
[TimeControl "60"]

1. e4 e5 2. Nf3 Nc6 3. Bb5 a6 4. Ba4 Nf6 5. d3 b5 6. Bb3 Bc5 7. c3 d6 8. Nbd2 Bb6 9. h3 Ne7 10. O-O Ng6 11. d4 O-O 12. Re1 c5 13.
Nf1 h6 14. Ng3 Rb8 15. a3 Be6 16. Bxe6 fxe6 17. dxe5 dxe5 18. Qxd8 Rbxd8 19. Be3 Nd7 20. Red1 Bc7 21. a4 b4 22. cxb4 cxb4 23. Rac1 Nb6 24. b3 Rxd1+ 25. Rxd1 Rf7 26. Bxb6 Bxb6 27. Rd6 Bd4 28. Nxd4 exd4 29. Rxd4 a5 30. Rd6 Nf4 31. Ra6 Rc7 32. Rxa5 Rc3 33. Rb5 Rxb3 34. a5 Rb1+ 35. Kh2 Nd3 36. f3 b3 37. a6 b2 38. Ne2 Ra1 39. Nc3 Rxa6 40.
Rb8+ Kh7 41. Rd8 Rc6 42. Nb1 Rc1 43. Rxd3 Rxb1 44. Rb3 Kg6 45. Kg3 e5 46. Rb5 Kf6 47. Kg4 g6 48. h4 h5+ 49. Kg3 Ke6 50.
Kh2 Kd6 51. g3 Kc6 52. Rb8 Kc5 53. Kg2 Kc4 54. Rc8+ Kd3 55. Rd8+ 1/2-1/2

[Event "44th Chess Olympiad Open 2022"]
[Site "Chennai"]
[Date "2022.08.02"]
[Round "5.64"]
[White "Ortega Amarelle, Mariano"]
[Black "Martyr, Reginald"]
[Result "1-0"]
[WhiteElo "2463"]
[BlackElo "2194"]
[Annotator "RC"]
[PlyCount "73"]
[EventDate "2022.??.??"]
[TimeControl "60"]

1. d4 f5 2. Nf3 Nf6 3. Bg5 e6 4. Nbd2 Be7 5. e3 Nc6 6. c3 Ne4 7. Bxe7 Qxe7 8. Bb5 O-O 9. Qb3 d6 10. Nxe4 fxe4 11. Nd2 d5 12. O-O Bd7 13. Bxc6 Bxc6 14. f3 Rae8 15. fxe4 dxe4 16. Rxf8+ Rxf8 17. Rf1 Rxf1+ 18. Nxf1 Qf7 19. c4 Qf5 20. Qa3 a6 21. Qe7 Qf7 22. Qd8+ Be8 23. Ng3 h6 24. Qa8 Qd7 25. Qxb7 Qc6 26. Qxc6 Bxc6 27. Ne2 Kf7 28. Kf2 Kf6 29. Nc3 Kf5 30. b4 g5 31. a4 Be8 32. a5 Bc6 33.
h3 h5 34. g3 e5 35. d5 Bd7 36. b5 Bc8 37. b6 1-0

[Event "44th Chess Olympiad Open 2022"]
[Site "Chennai"]
[Date "2022.08.02"]
[Round "5.64"]
[White "Mirulla, David"]
[Black "Mathurin, Nathaniel"]
[Result "0-1"]
[WhiteElo "1953"]
[BlackElo "1722"]
[Annotator "NA RC"]
[PlyCount "90"]
[EventDate "2022.??.??"]
[TimeControl "60"]

1. e4 c5 2. Nf3 d6 3. d4 Nf6 4. dxc5 Nxe4 5. cxd6 Nc6 6. Bd3 Nxd6 7. h3 g6 8. O-O Bg7 9. Re1 O-O 10. c3 Qb6 11. Qb3 Be6 12. Qxb6 axb6 13. Be3 Bxa2 14. Bxb6 Bc4 15. Rxa8 Rxa8 16. Bc2 Ra2 17. b3 Rxc2 18. bxc4 Nxc4 19. Bc5 Bf6 20. Kf1 b6 21. Be3 b5 22. Re2 Rxe2 23. Kxe2 Kf8 24. Nfd2 Nd6 25. Bc5 Nb7 26. Ba3 Ke8 27. Kd3 Be5 28. Nf3 f6 29. Nbd2 Bc7 30. c4 b4 31. Bb2 Nc5+ 32. Kc2 e5 33.
Ne1 Na5 34. f3 Kd7 35. Ne4 Nxe4 36. fxe4 Nxc4 37. Bc1 Kc6 38. Kb3 Kb5 39. Bh6 Bd6 40. Nd3 Na5+ 41. Kc2 Kc4 42. Be3 b3+ 43. Kd2 Bb4+ 44. Ke2 Ba3 45. Kd2 b2 0-1

[Event "44th Chess Olympiad Open 2022"]
[Site "Chennai"]
[Date "2022.08.02"]
[Round "5.64"]
[White "Sixtus Gabriel"]
[Black "Teixeira, Gil"]
[Result "0-1"]
[WhiteElo "1787"]
[BlackElo "1741"]
[Annotator "NA RC"]
[PlyCount "155"]
[EventDate "2022.??.??"]
[TimeControl "60"]

1. e4 d5 2. exd5 Qxd5 3. Nc3 Qa5 4. Nf3 Bf5 5. Bc4 e6 6. Qe2 Be7 7. O-O Nf6 8. d4 c6 9. Bf4 Nbd7 10. Rfe1 O-O 11. h3 Bb4 12. Bd2 Rfe8 13.
a3 Bf8 14. Bb3 Qc7 15. Nh4 Bg6 16. Nxg6 hxg6 17. Ne4 Nxe4 18. Qxe4 Nf6 19. Qf3 Rad8 20. Bc3 Nd5 21. Bd2 Be7 22. c4 Nf6 23. Bc3 b5 24. Re2 bxc4 25.
Bxc4 Nd5 26. Rae1 Bf6 27. Qg4 Qf4 28. g3 Qxg4 29. hxg4 Nb6 30. Ba6 Bxd4 31. Bxd4 Rxd4 32. Rc1 Red8 33. Rxc6 Rxg4 34. Rc7 Rd1+ 35. Kh2 Rd7 36. Rec2 Rgd4 37. Kg2 g5 38. Bb5 Rxc7 39. Rxc7 a5 40. Rb7 Nc4 41. Be8 Nd6 42. Rb8 Kh7 43. Bb5 Kg6 44. Kf3 f5 45. Ke3 Re4+ 46. Kd2 Re5 47. Bd3 Kf6 48. b4 axb4 49. axb4 Rd5 50. Kc3 Ke5 51. b5 Rc5+ 52. Kb4 Rd5 53. Kc3 Ne4+ 54. Bxe4 Kxe4 55. Kc4 Rd2 56. Kc3 Rd1 57. Ra8 Rb1 58. Kc4 Rc1+ 59. Kb4 Kd5 60. Rd8+ Ke4 61. Rd2 Rb1+ 62. Kc5 e5 63. Rc2 Kf3 64. b6 e4 65. Kc6 f4 66. Rc5 Kxf2 67. Rb5 Rxb5 68. Kxb5 e3 69. b7 e2 70. b8=Q e1=Q 71. Qa7+ Kxg3 72. Qxg7 g4 73. Qc7 Qe2+ 74. Kb4 Qe4+ 75. Kc3 Kg2 76. Kd2 f3 77. Qd6 f2 78. Qh6 0-1

[Event "44th Chess Olympiad Open 2022"]
[Site "Chennai"]
[Date "2022.08.02"]
[Round "5.64"]
[White "Nicholas Arvin"]
[Black "Rodriguez Guevara, Celia M."]
[Result "1-0"]
[WhiteElo "1744"]
[BlackElo "1859"]
[Annotator "NA RC"]
[PlyCount "119"]
[EventDate "2022.??.??"]
[TimeControl "60"]

1. d4 d5 2. c4 c6 3. Nc3 Nf6 4. cxd5 cxd5 5. Bg5 e6 6. e3 Be7 7. Bd3 Nc6 8. Nge2 a5 9. O-O h6 10. Bh4 O-O 11. Rc1 Bd7 12. a3 Na7 13.
f3 b5 14. Bf2 Rb8 15. Ng3 b4 16. axb4 axb4 17. Na4 Bb5 18. Nc5 Nd7 19. Nb3 Qb6 20. e4 Bg5 21. Rc2 Ba4 22. Re2 Rfc8 23. Bc2 Rxc2 24. Qxc2 Rc8 25. Qd3 Bb5 26. Qd1 Bxe2 27. Nxe2 Qc7 28. e5 Qc2 29. f4 Be7 30. Nc5 Qxd1 31. Rxd1 Nxc5 32. dxc5 Bxc5 33. Nd4 Nc6 34. Kf1 Nxd4 35. Bxd4 Bxd4 36. Rxd4 Rc4 37. Rxc4 dxc4 38. Ke2 f6 39. Ke3 Kf7 40. Kd4 fxe5+ 41. fxe5 c3 42. bxc3 bxc3 43. Kxc3 Kg6 44. Kd3 Kf5 45. Kd4 h5 46. g3 g5 47. h3 g4 48. h4 Kg6 49. Kc5 Kf5 50. Kd6 Ke4 51. Kxe6 Kf3 52. Kf5 Kxg3 53. e6 Kh2 54. e7 g3 55. e8=Q g2 56. Qe2 Kh1 57. Qxg2+ Kxg2 58. Kg5 Kf3 59. Kxh5 Kf4 60. Kg6 1-0

[Event "44th Chess Olympiad Open 2022"]
[Site "Chennai"]
[Date "2022.08.02"]
[Round "5.65"]
[White "Myat Thiri Aung Kyaw"]
[Black "Righi, Ezio"]
[Result "1-0"]
[WhiteElo "2120"]
[BlackElo "1912"]
[Annotator "NA RC"]
[PlyCount "69"]
[EventDate "2022.??.??"]
[TimeControl "60"]

1. e4 c5 2. Nf3 e6 3. d4 cxd4 4. Nxd4 a6 5. a4 Nf6 6. Nc3 Qc7 7. Be2 Bb4 8. Bd2 Bxc3 9. Bxc3 Nxe4 10. Bb4 Qb6 11. c3 Nc6 12. a5 Qc7 13. Nxc6 dxc6 14. Qd4 c5 15. Qxe4 cxb4 16. Qxb4 Qe7 17. Qxe7+ Kxe7 18. Kd2 Bd7 19. Ke3 Bc6 20. f3 Rhd8 21. Rhd1 Rac8 22. c4 e5 23. b4 f5 24. Rxd8 Rxd8 25. Bd3 f4+ 26. Ke2 g5 27. b5 axb5 28. cxb5 Bd5 29. a6 bxa6 30. bxa6 h5 31. Ra5 Kf6 32. a7 Bb7 33. Rb5 Ba8 34. Rb8 Ke7 35. Be4 1-0

[Event "44th Chess Olympiad Open 2022"]
[Site "Chennai"]
[Date "2022.08.02"]
[Round "5.65"]
[White "Berardi, Giancarlo"]
[Black "Zaw Ye Htut"]
[Result "0-1"]
[WhiteElo "1757"]
[BlackElo "1255"]
[Annotator "NA"]
[PlyCount "74"]
[EventDate "2022.??.??"]
[TimeControl "60"]

1. c4 e6 2. Nc3 f5 3. g3 d5 4. cxd5 exd5 5. d4 Nf6 6. Bg2 c6 7. Nf3 Be7 8. O-O O-O 9. Qc2 Ne4 10. Ne5 Nd7 11. f3 Nxc3 12. bxc3 Nxe5 13. dxe5 Be6 14. f4 Bc5+ 15. e3 b5 16. a4 a6 17. Re1 Qb6 18. Kh1 h5 19. a5 Qa7 20. Ba3 Rfc8 21. Qd3 Rab8 22. Bb4 Kh8 23. Rac1 Qe7 24. Qd2 Rb7 25. Rc2 Rbc7 26. Rec1 Bxb4 27. cxb4 c5 28. Bxd5 Rd8 29. Rxc5 Bxd5+ 30. Kg1 Rxc5 31. bxc5 Bc4 32. Qb4 Rd3 33. Rxc4 bxc4 34. Qxc4 Rd1+ 35. Kg2 Qb7+ 36. c6 Qb5 37. Qe6 Qf1# 0-1

[Event "44th Chess Olympiad Open 2022"]
[Site "Chennai"]
[Date "2022.08.02"]
[Round "5.65"]
[White "Herrera, Adrian"]
[Black "Nay Lin Tun"]
[Result "0-1"]
[WhiteElo "1563"]
[BlackElo "2045"]
[Annotator "NA RC"]
[PlyCount "56"]
[EventDate "2022.??.??"]
[TimeControl "60"]

1. e4 c5 2. Nf3 d6 3. Bb5+ Nc6 4. d4 cxd4 5. Nxd4 Bd7 6. Nxc6 bxc6 7. Bd3 g6 8. O-O Bg7 9. Nc3 Nf6 10. Rb1 O-O 11. Re1 Rb8 12. b3 Ng4 13.
Bb2 Qb6 14. Qd2 Qa5 15. Re2 Qe5 16. f4 Qh5 17. g3 Bd4+ 18.
Kh1 Nf6 19. f5 gxf5 20. exf5 c5 21. Ne4 Qf3+ 22. Rg2 Nxe4 23. Bxe4 Qxe4 24. Bxd4 Qxd4 25. Qg5+ Qg7 26. Qxe7 Bc6 27. f6 Qg6 28. Re1 Rfe8 0-1

[Event "44th Chess Olympiad Open 2022"]
[Site "Chennai"]
[Date "2022.08.02"]
[Round "5.66"]
[White "Iclicki, Willy"]
[Black "Brookfield, Toby"]
[Result "1-0"]
[WhiteElo "1975"]
[BlackElo "1815"]
[Annotator "NA RC"]
[PlyCount "141"]
[EventDate "2022.??.??"]
[TimeControl "60"]

1. d4 f5 2. Nc3 Nf6 3. Bg5 d5 4. f3 Be6 5. e3 a6 6. Bd3 g6 7. Nge2 Bg7 8. Qd2 Nc6 9. a3 Qd7 10. O-O-O O-O-O 11. Na4 Bf7 12. Nc5 Qd6 13. Qc3 Nb8 14. Bf4 Qc6 15. Be5 Bh6 16. Nf4 g5 17. Bxf5+ Nbd7 18. Nfe6 Bxe6 19. Bxe6 Rhe8 20. Bxf6 exf6 21.
Bxd7+ Rxd7 22. Nxd7 Qxd7 23. g4 Re6 24. Qd3 Bf8 25. Qf5 Kb8 26.
Rd3 Qe8 27. Kb1 h6 28. Rhd1 Bd6 29. Qxd5 Rxe3 30. Rxe3 Qxe3 31. Qe4 Qf2 32. Rd3 Qxh2 33. Rb3 b6 34. a4 a5 35. c4 Ka7 36. Ka2 Qd2 37. c5 Bf8 38.
cxb6+ cxb6 39. Qd5 Bb4 40. Qd7+ Ka6 41. Qc8+ Ka7 42. Qc7+ Ka6 43. Qc4+ Ka7 44. d5 Qh2 45. Qc6 Qf4 46. d6 Qxd6 47. Qxd6 Bxd6 48. Rd3 Be5 49. Rd7+ Ka6 50. b3 b5 51. Kb1 bxa4 52. bxa4 Kb6 53. Kc2 Kc5 54. Kb3 Bf4 55. Rd1 Be5 56. Rd8 Bf4 57. Re8 Be5 58.
Rd8 Bf4 59. Rd1 Be5 60. Re1 Kd4 61. Kc2 Kc4 62. Re4+ Kc5 63.
Kd3 Kd5 64. Re1 Kc5 65. Rb1 Bc7 66. Rb5+ Kd6 67. Ke4 Ke6 68. Rc5 Bd8 69. Rc6+ Kf7 70. Kf5 Be7 71. Rc7 1-0

[Event "44th Chess Olympiad Open 2022"]
[Site "Chennai"]
[Date "2022.08.02"]
[Round "5.66"]
[White "Nevska, Gerda"]
[Black "Mannhart, Marcel"]
[Result "0-1"]
[WhiteElo "1840"]
[BlackElo "2110"]
[Annotator "NA RC"]
[PlyCount "88"]
[EventDate "2022.??.??"]
[TimeControl "60"]

1. d4 d6 2. e4 g6 3. Nc3 Bg7 4. f4 a6 5. Nf3 b5 6. Bd3 Nd7 7. O-O Bb7 8.
Be3 c5 9. dxc5 dxc5 10. Nxb5 axb5 11. Bxb5 Rc8 12. Ne5 Ngf6 13. Qe2 Qc7 14. Rad1 Rd8 15. Nxd7 Nxd7 16. Qg4 Bc6 17. Bxc6 Qxc6 18. f5 O-O 19. fxg6 hxg6 20. Qg5 Bf6 21. Qd5 Qc7 22. b3 Be5 23. h4 c4 24. Qxc4 Qxc4 25. bxc4 Bf6 26. h5 gxh5 27. c5 Ne5 28. Rd5 Ng4 29. Bc1 Bd4+ 30. Kh1 Rxd5 31. exd5 Bxc5 32. Rf5 Nf6 33. Bf4 Bd4 34. d6 exd6 35. Bxd6 Re8 36. c4 Re1+ 37. Kh2 Kg7 38. a3 Kg6 39. Rf3 Ne4 40. Bb4 Be5+ 41. g3 Re2+ 42. Kg1 Nxg3 43. Bc5 Rc2 44. Re3 f6 0-1

[Event "44th Chess Olympiad Open 2022"]
[Site "Chennai"]
[Date "2022.08.02"]
[Round "5.66"]
[White "Morgan, Jamie"]
[Black "Schadler, Martin"]
[Result "1-0"]
[WhiteElo "1753"]
[BlackElo "1939"]
[Annotator "NA RC"]
[PlyCount "59"]
[EventDate "2022.??.??"]
[TimeControl "60"]

1. e4 d5 2. exd5 Nf6 3. Bb5+ Bd7 4. Be2 Nxd5 5. d4 c6 6. Nf3 e6 7. O-O Bd6 8. c4 Nf6 9. Nc3 Qc7 10. h3 Na6 11. c5 Be7 12. a3 Rd8 13.
Ne5 Bc8 14. Bf4 Rg8 15. b4 b5 16. Qd2 Qb7 17. Bf3 Nd5 18.
Rfe1 Nac7 19. Re2 Bd7 20. Rae1 Nxc3 21. Qxc3 Kf8 22. d5 Bf6 23. d6 Nd5 24. Bxd5 Bxe5 25. Bxe5 cxd5 26. Qg3 Bc6 27. Bd4 Re8 28. f4 Bd7 29. f5 exf5 30. Rxe8+ 1-0

[Event "44th Chess Olympiad Open 2022"]
[Site "Chennai"]
[Date "2022.08.02"]
[Round "5.67"]
[White "Ahmad, Al Khatib"]
[Black "Bridet, Robert"]
[Result "1-0"]
[WhiteElo "2244"]
[BlackElo "1497"]
[Annotator "NA RC"]
[PlyCount "101"]
[EventDate "2022.??.??"]
[TimeControl "60"]

1. e4 e5 2. Nf3 Nc6 3. Bb5 d6 4. d4 Bd7 5. Nc3 Nf6 6. Bxc6 Bxc6 7. Qd3 exd4 8. Nxd4 Bd7 9. b3 a6 10. Bb2 Be7 11. O-O-O Ng4 12. Qe2 Ne5 13. f4 Nc6 14. Nd5 Nxd4 15. Bxd4 O-O 16. f5 Bg5+ 17. Kb1 c5 18. h4 Be7 19. f6 gxf6 20. Bb2 Kh8 21. Rhf1 Kg8 22. Qh5 f5 23. Rd3 f6 24. Rg3+ Kh8 25. Qh6 Rf7 26. Nf4 Qg8 27. Ng6+ Qxg6 28. Rxg6 Bf8 29. Rxf6 Bxh6 30. Rxf7+ Kg8 31.
Rxd7 fxe4 32. Rxd6 Bf8 33. Re6 b5 34. Rxe4 Ra7 35. Rg4+ Bg7 36.
Bxg7 Rxg7 37. Rxg7+ Kxg7 38. Rf5 c4 39. g4 cxb3 40. cxb3 Kg6 41. h5+ Kg7 42. g5 h6 43. g6 a5 44. Rf7+ Kg8 45. Kc2 a4 46.
Kd3 axb3 47. axb3 b4 48. Ke4 Kh8 49. Kf5 Kg8 50. Kf6 Kh8 51.
Rf8# 1-0

[Event "44th Chess Olympiad Open 2022"]
[Site "Chennai"]
[Date "2022.08.02"]
[Round "5.67"]
[White "Boshra, Alshaeby"]
[Black "Thomas, Larry"]
[Result "1-0"]
[WhiteElo "1854"]
[BlackElo "1317"]
[Annotator "NA RC"]
[PlyCount "106"]
[EventDate "2022.??.??"]
[TimeControl "60"]

1. Nf3 Nf6 2. g3 g6 3. Bg2 Bg7 4. O-O d5 5. d3 O-O 6. c3 c6 7. Qa4 Nbd7 8. Qh4 Re8 9. Bh6 Nf8 10. h3 e5 11. Nbd2 a5 12. g4 Qd6 13.
Ng5 b5 14. Bxg7 Kxg7 15. Qh6+ Kg8 16. Ndf3 Ra7 17. e4 dxe4 18. dxe4 Rae7 19. Rfd1 Qc5 20. Ne1 Rd7 21. Rxd7 N6xd7 22. Rd1 Qe7 23. Nc2 Nf6 24. Ne3 Rd8 25. Rxd8 Qxd8 26. Nf3 Qd6 27. Qg5 N8d7 28. Nf5 Qe6 29. Nh6+ Kf8 30. a3 Nxe4 31. Qd8+ Qe8 32. Qxa5 Kg7 33. Qb4 Nec5 34. g5 Qe6 35. Qa5 Nd3 36. Qd8 Nf8 37. Qxd3 f5 38. gxf6+ Qxf6 39. Qe3 Nd7 40. Ng4 Qf4 41. Ngxe5 Qxe3 42. fxe3 c5 43. Nxd7 Bxd7 44. Ne5 Be8 45. Bc6 Bxc6 46. Nxc6 Kf6 47. Na7 b4 48. cxb4 cxb4 49. axb4 Ke5 50. b5 Kd6 51. e4 h5 52. b6 g5 53. e5+ Kd5 1-0

[Event "44th Chess Olympiad Open 2022"]
[Site "Chennai"]
[Date "2022.08.02"]
[Round "5.68"]
[White "Khan, Taffin"]
[Black "Beukes, Dante M"]
[Result "0-1"]
[WhiteElo "2019"]
[BlackElo "2234"]
[Annotator "NA RC"]
[PlyCount "72"]
[EventDate "2022.??.??"]
[TimeControl "60"]

1. d4 Nf6 2. Nf3 g6 3. Bg5 Bg7 4. Nbd2 O-O 5. e4 d6 6. Bd3 c5 7. dxc5 dxc5 8. Qe2 Nc6 9. c3 a6 10. a4 Be6 11. O-O Qc7 12. Rfe1 Na5 13.
Nc4 Rfe8 14. Nxa5 Qxa5 15. Bc4 Bxc4 16. Qxc4 Nd7 17. b4 Qc7 18. Rac1 Rac8 19. a5 Qc6 20. Bd2 Qd6 21. Red1 cxb4 22. Qxb4 Qc6 23. Be3 Nf6 24. e5 Nd5 25. Qb3 Nxe3 26. fxe3 Rc7 27. c4 Rec8 28. Rd5 e6 29. Nd4 Qe8 30. Rd6 Bxe5 31. Rb6 Qe7 32. Rb1 Rxc4 33. Rxb7 Bxh2+ 34. Kf1 Qf6+ 35. Ke2 Qg5 36. Rf1 Rc3 0-1

[Event "44th Chess Olympiad Open 2022"]
[Site "Chennai"]
[Date "2022.08.02"]
[Round "5.68"]
[White "Ndahangwapo, Heskiel"]
[Black "Lee, Ethan"]
[Result "1-0"]
[WhiteElo "1904"]
[BlackElo "1629"]
[Annotator "NA RC"]
[PlyCount "100"]
[EventDate "2022.??.??"]
[TimeControl "60"]

1. d4 d5 2. c4 Nf6 3. Nf3 e6 4. g3 dxc4 5. Nbd2 c5 6. dxc5 Nc6 7. Bg2 Bxc5 8.
O-O O-O 9. Qc2 Qc7 10. Nxc4 Rd8 11. Bf4 e5 12. Bxe5 Nxe5 13. Nfxe5 b5 14. Na3 Qxe5 15. Bxa8 Bf5 16. e4 Bh3 17. Bc6 a6 18. Rfd1 Rxd1+ 19. Rxd1 h5 20. Nb1 Ng4 21. Rd5 Bxf2+ 22. Qxf2 Qc7 23. Qc5 Nf6 24. Bd7 Qxc5+ 25. Rxc5 Bxd7 26. Nc3 b4 27. Nd5 Nxe4 28. Rc4 Ng5 29. Rxb4 Nf3+ 30. Kg2 Ne1+ 31. Kf1 Nd3 32. Rb8+ Kh7 33. Nf4 Nxf4 34. gxf4 Be6 35. b3 Kg6 36. Kf2 Kf5 37. Kg3 f6 38. h4 g5 39. fxg5 fxg5 40. hxg5 Kxg5 41. Ra8 h4+ 42. Kh2 Kf4 43. Rxa6 Bc8 44. Rc6 Bb7 45. Rc4+ Ke5 46. Kh3 Kd5 47. Kxh4 Ba6 48. Rc1 Bd3 49. Rd1 Kd4 50. a4 Ke4 1-0

[Event "44th Chess Olympiad Open 2022"]
[Site "Chennai"]
[Date "2022.08.02"]
[Round "5.68"]
[White "Uapingene, Uatiavi Jossy"]
[Black "Drayton, Anthony"]
[Result "1/2-1/2"]
[WhiteElo "1798"]
[BlackElo "1928"]
[Annotator "NA RC"]
[PlyCount "211"]
[EventDate "2022.??.??"]
[TimeControl "60"]

1. d4 Nf6 2. Bg5 d5 3. Bxf6 exf6 4. e3 Bd6 5. g3 Nd7 6. Bg2 c6 7. Ne2 Nb6 8. b3 Bf5 9. Nd2 Ba3 10. O-O O-O 11. Nf3 h6 12. Qd2 Re8 13.
Nf4 Qe7 14. Nd3 Rad8 15. Rab1 Bg6 16. Qc3 a5 17. Nh4 Bh7 18. b4 Bxd3 19. cxd3 Bxb4 20. Qb3 Na8 21. Nf5 Qf8 22. a3 Bxa3 23. Qxb7 g6 24. Nh4 Qd6 25. Qb3 Rb8 26. Qa4 Rxb1 27. Rxb1 Bb4 28. Rc1 Rc8 29. Qd1 Nb6 30. Nf3 c5 31. dxc5 Rxc5 32. Nd4 Rxc1 33. Qxc1 Qc5 34. Qxc5 Bxc5 35. Nb3 Bb4 36. Na1 a4 37. Nc2 Bc3 38. Kf1 Bb2 39. Ke2 a3 40. Nb4 Na4 41. Na2 d4 42. exd4 Bxd4 43. Bd5 f5 44. f4 Kf8 45. Bb3 Nc5 46. Bc4 Ke7 47. Nb4 Bb2 48.
Nd5+ Kd6 49. Ne3 Ne6 50. Ba2 Kc5 51. Nc4 Nd4+ 52. Kd1 Kb4 53.
Ne5 Nb5 54. Bxf7 Bxe5 55. fxe5 Kc3 56. Bc4 Nd4 57. Kc1 Nc6 58. e6 g5 59. Kb1 Ne7 60. Kc1 h5 61. Kd1 Kd4 62. Ke2 Nc6 63.
Ba2 Ke5 64. Ke3 f4+ 65. gxf4+ gxf4+ 66. Kf2 Kf5 67. d4 Ne7 68. Kf3 Nc8 69. h4 Ne7 70. d5 Nc8 71. Bb1+ Ke5 72. Ba2 Nd6 73. Bb3 Nf5 74. Kf2 Kd6 75. Ba2 Nxh4 76. Bc4 Nf5 77. Kf3 Ke5 78. Ba2 Nd6 79. e7 h4 80. Bb3 h3 81. Ba2 h2 82. Kg2 Ke4 83.
Kxh2 Ke3 84. Kg1 f3 85. Kf1 f2 86. Bb3 Kf3 87. Bd1+ Kg3 88.
Bb3 Ne8 89. Bc4 Nf6 90. d6 Ng4 91. e8=Q Nh2+ 92. Ke2 f1=Q+ 93. Kd2 Qxc4 94. Qe5+ Kg2 95. Qe2+ Qxe2+ 96. Kxe2 Nf3 97. d7 a2 98. d8=Q Ng1+ 99. Ke3 a1=Q 100. Qg5+ Kh2 101. Qf4+ Kh3 102. Qh6+ Kg4 103. Qg6+ Kh3 104. Qh6+ Kg2 105. Qg5+ Kh2 106.
Qf4+ 1/2-1/2

[Event "44th Chess Olympiad Open 2022"]
[Site "Chennai"]
[Date "2022.08.02"]
[Round "5.68"]
[White "Nathoo, Loris"]
[Black "Khoa, Goodwill"]
[Result "0-1"]
[WhiteElo "1695"]
[BlackElo "1850"]
[Annotator "NA RC"]
[PlyCount "62"]
[EventDate "2022.??.??"]
[TimeControl "60"]

1. d4 Nf6 2. Bf4 c5 3. d5 d6 4. Nc3 a6 5. a4 g6 6. e4 Qb6 7. Qd2 Bg7 8. a5 Qxb2 9. Ra2 Qb4 10. Ra4 Nxe4 11. Rxb4 Nxd2 12. Rb6 Nxf1 13. Ne4 f5 14. Ng5 Bc3+ 15. Kxf1 Bxa5 16. Rb1 b5 17. h4 Nd7 18. h5 Nf8 19. Ne2 h6 20. hxg6 Nxg6 21. Nf3 Bb7 22. c4 Nxf4 23. Nxf4 O-O-O 24. Rh5 Bc3 25. Ng6 Rh7 26. Rxf5 Rg7 27. Nf8 Rg4 28. Ne6 Rdg8 29. Nf4 b4 30. Rf7 Kd8 31. Rh7 Rxf4 0-1

[Event "44th Chess Olympiad Open 2022"]
[Site "Chennai"]
[Date "2022.08.02"]
[Round "5.69"]
[White "Attalib, Osama A."]
[Black "Muhammed, Shuaau"]
[Result "1-0"]
[WhiteElo "2033"]
[BlackElo "1987"]
[Annotator "NA RC"]
[PlyCount "57"]
[EventDate "2022.??.??"]
[TimeControl "60"]

1. d4 d5 2. Bf4 e6 3. e3 Nf6 4. Nd2 Bd6 5. Bg3 O-O 6. Bd3 c5 7. c3 Nc6 8. Ngf3 b6 9. Qe2 Bb7 10. Rd1 c4 11. Bc2 b5 12. e4 dxe4 13. Nxe4 Nxe4 14. Qxe4 g6 15. O-O Bxg3 16. hxg3 Rb8 17. Qf4 Kg7 18. Ng5 Ne7 19. Qe5+ Kg8 20. d5 Nxd5 21. Ne4 Re8 22. Rxd5 Bxd5 23. Nf6+ Kf8 24. Nxh7+ Kg8 25. Nf6+ Kf8 26. Rd1 Rb6 27. Rd4 Qd6 28. Qg5 e5 29. Qh6+ 1-0

[Event "44th Chess Olympiad Open 2022"]
[Site "Chennai"]
[Date "2022.08.02"]
[Round "5.69"]
[White "Abugenda, Nagi"]
[Black "Fuad, Ahmed Mufleh"]
[Result "1/2-1/2"]
[WhiteElo "1991"]
[BlackElo "2086"]
[Annotator "NA RC"]
[PlyCount "99"]
[EventDate "2022.??.??"]
[TimeControl "60"]

1. e4 e6 2. c4 d5 3. exd5 exd5 4. cxd5 Qxd5 5. Nc3 Qd8 6. Nf3 Be7 7. Bc4 Nf6 8. h3 O-O 9. O-O c6 10. d4 b5 11. Bd3 Nd5 12. Re1 Bf6 13.
Qe2 Nb4 14. Bb1 Be6 15. Bf4 Nd5 16. Be5 Nd7 17. Ne4 Nxe5 18.
dxe5 Be7 19. Qc2 g6 20. Qxc6 Qa5 21. Qc1 Kg7 22. Neg5 Rac8 23. Qd1 Qb4 24. Qb3 Bxg5 25. Qxb4 Nxb4 26. Nxg5 Nc2 27. Bxc2 Rxc2 28. b3 Rfc8 29. Nf3 Rd8 30. Rec1 Rdc8 31. Rxc2 Rxc2 32. Nd4 Rc5 33. Re1 Rd5 34. Nf3 Rc5 35. Re2 a5 36. Nd4 Kf8 37. f4 Ke7 38.
Kf2 a4 39. g4 axb3 40. axb3 b4 41. Re3 h5 42. f5 Bd5 43. Kg3 hxg4 44. hxg4 gxf5 45. gxf5 Rc1 46. e6 fxe6 47. fxe6 Rc3 48. Kf4 Rxe3 49. Kxe3 Bxb3 50. Ke4 1/2-1/2

[Event "44th Chess Olympiad Open 2022"]
[Site "Chennai"]
[Date "2022.08.02"]
[Round "5.69"]
[White "Ashraf, Ahmed Ramadan"]
[Black "Fates, Omer Salah"]
[Result "1-0"]
[WhiteElo "1916"]
[BlackElo "1940"]
[Annotator "NA RC"]
[PlyCount "121"]
[EventDate "2022.??.??"]
[TimeControl "60"]

1. e4 e6 2. d4 d5 3. e5 c5 4. c3 Nc6 5. Nf3 Bd7 6. a3 f6 7. Be2 fxe5 8. Nxe5 Nxe5 9. dxe5 Qc7 10. f4 O-O-O 11. O-O Nh6 12. b4 c4 13. Be3 Nf5 14. Bf2 Rg8 15. g4 Ne7 16. Bh4 g6 17. a4 Re8 18. Bxe7 Bxe7 19. Na3 Qb6+ 20. Kg2 Ref8 21. Nc2 Rf7 22. a5 Qc7 23. Qd4 Kb8 24. Ne3 Rgf8 25.
Rad1 Bc6 26. g5 Ka8 27. Bg4 Qd7 28. Kg3 Bd8 29. h4 Bc7 30.
Bh3 a6 31. Ng4 Bb8 32. Nf6 Qe7 33. Qd2 Rd8 34. Qe2 Bd7 35. Qg4 Bc8 36. Qe2 Qc7 37. Rd2 Ba7 38. Rfd1 Qc6 39. Qf3 Qb5 40. h5 Rc7 41. hxg6 hxg6 42. Qe2 Qa4 43. Ne4 Rh8 44. Nf6 Qb3 45. Qf3 d4 46. Rxd4 Bxd4 47. Rxd4 Kb8 48. Bg2 Qb1 49. Rd1 Qb2 50. Rd6 Re7 51. Qe3 Qb1 52. Be4 Qa2 53. Rd2 Qa4 54. Bxg6 Rh1 55. Be4 Rc1 56. Rd4 Qa1 57. Rxc4 Rc7 58. Rxc7 Kxc7 59. Qb6+ Kb8 60. Nd7+ Ka8 61. Bxb7+ 1-0

[Event "44th Chess Olympiad Open 2022"]
[Site "Chennai"]
[Date "2022.08.02"]
[Round "5.69"]
[White "Mujahid Bin Yazeed"]
[Black "Naser Eldean, Ahmed"]
[Result "0-1"]
[WhiteElo "1418"]
[BlackElo "1941"]
[Annotator "RC"]
[PlyCount "104"]
[EventDate "2022.??.??"]
[TimeControl "60"]

1. e4 e6 2. d4 d5 3. Nd2 Nc6 4. Ngf3 Nf6 5. e5 Nd7 6. Bd3 f6 7. Ng5 Ndxe5 8. dxe5 fxg5 9. Qh5+ g6 10. Bxg6+ Kd7 11. Bd3 Nxe5 12. Be2 Qf6 13. Nb3 h6 14. Be3 Qg6 15. O-O-O Qxh5 16. Bxh5 b6 17. Bd4 Bg7 18. Rhe1 Kd6 19. c4 c5 20. Bxe5+ Bxe5 21. cxd5 exd5 22. Rxd5+ Kxd5 23. Bf3+ Kc4 24. Rxe5 Bg4 25. Bxa8 Rxa8 26. Re4+ Kd3 27. Rxg4 Re8 28. Rg3+ Ke2 29. Rf3 Rd8 30. Kc2 c4 31. Nc1+ Ke1 32. a4 Rd2+ 33. Kc3 Rxf2 34. Rxf2 Kxf2 35. Kxc4 Kxg2 36. Kb5 g4 37. Ka6 h5 38. Kxa7 h4 39. Kxb6 g3 40. h3 Kf1 41. b4 g2 42. Nd3 g1=Q+ 43.
Nc5 Qd4 44. Kb5 Qe3 45. a5 Qxh3 46. Kb6 Qc8 47. b5 h3 48.
Nb7 h2 49. a6 h1=Q 50. Ka7 Qg1+ 51. b6 Qc7 52. Ka8 Qg8+ 0-1